 Dungeon Crawl Stone Soup version 0.29.1-2-gbd0b4ee654 (webtiles) character file.

Game seed: 16025625681655167021

30142 lis82151 the Stormcaller (level 12, -2/81 HPs)
             Began as a Demigod Air Elementalist on Oct 30, 2022.
             Killed by their own static electricity (5 damage)
             ... on level 2 of the Abyss.
             The game lasted 00:43:49 (13223 turns).

lis82151 the Stormcaller (DgAE)                    Turns: 13223, Time: 00:43:51

Health: -2/81      AC: 17    Str:  9    XL:     12   Next: 88%
Magic:  5/28       EV: 11    Int: 44    God:
Gold:   1399       SH: 11    Dex: 18    Spells: 4/27 levels left

rFire   . . .      SeeInvis .   N - +6 short sword (venom)
rCold   . . .      Faith    .   H - +1 kite shield {AC+3}
rNeg    . . .      Spirit   .   A - +1 troll leather armour
rPois   .          Reflect  .   (no helmet)
rElec   .          Harm     .   J - +0 cloak
rCorr   .          Rampage  .   p - +0 pair of gloves
Will    +....                   L - +2 pair of boots of Shielding {Dex+4}
Stlth   ++........              r - amulet of magic regeneration
HPRegen 1.03/turn               v - +6 ring of intelligence
MPRegen 0.61/turn               K - ring "Esyi" {AC+4 Int+5}

@: no status effects
A: high MP 1, forlorn, divine attributes
a: no special abilities


You were on level 2 of the Abyss.
You visited 1 branch of the dungeon, and saw 13 of its levels.
You visited the Abyss 1 time.
You also visited: Gauntlet.

You collected 1617 gold pieces.
You spent 218 gold pieces at shops.

Inventory:

Hand Weapons
 N - a +6 short sword of venom (weapon)
Armour
 g - a +1 robe of willpower
 p - a +0 pair of gloves (worn)
 A - a +1 troll leather armour (worn)
 H - a +1 kite shield of protection (worn)
 J - a +0 cloak (worn)
 L - the +2 pair of boots of Shielding (worn) {Dex+4}
   (You bought it in a shop on level 6 of the Dungeon)

   Dex:       It affects your dexterity (+4).
 P - a +0 robe of cold resistance
Jewellery
 r - an amulet of magic regeneration (around neck)
 v - a +6 ring of intelligence (left hand)
 x - a +6 ring of dexterity
 z - a ring of poison resistance
 E - a ring of ice
 G - a ring of protection from cold
 K - the ring "Esyi" (right hand) {AC+4 Int+5}
   (You found it in a Gauntlet)

   [ring of protection]

   AC:        It affects your AC (+4).
   Int:       It affects your intelligence (+5).
 O - the ring of Jaoheh {*Corrode Dex+5 SInv}
   (You took it off a minotaur in a Gauntlet)

   [ring of see invisible]

   Dex:       It affects your dexterity (+5).
   SInv:      It lets you see invisible.
   *Corrode:  It may corrode you when you take damage.
Wands
 d - a wand of mindburst (16)
 u - a wand of digging (7)
 M - a wand of roots (20)
Scrolls
 i - 5 scrolls of teleportation
 l - 3 scrolls of fear
 n - 8 scrolls of fog
 o - a scroll of poison
 s - 2 scrolls of amnesia
 B - 3 scrolls of summoning
 C - 2 scrolls of magic mapping
 R - 3 scrolls of blinking
Potions
 a - 7 potions of curing
 b - a potion of magic
 c - 2 potions of heal wounds
 e - 4 potions of lignification
 f - 4 potions of attraction
 h - 2 potions of haste
 j - 3 potions of berserk rage
 k - a potion of ambrosia
 m - a potion of might
 t - a potion of brilliance
 w - a potion of mutation {unknown}
 I - 5 potions of degeneration {unknown}


   Skills:
 + Level 3.7 Dodging
 - Level 1.7 Stealth
 - Level 4.6 Shields
 - Level 8.0 Spellcasting
 - Level 0.8 Conjurations
 - Level 18.0 Air Magic


You had 4 spell levels left.
You knew the following spells:

 Your Spells              Type           Power      Damage    Failure   Level
a - Shock                 Conj/Air       100%       1d9       1%          1
b - Swiftness             Air            100%       N/A       0%          3
c - Static Discharge      Conj/Air       79%        3-13/arc  1%          2
d - Airstrike             Air            54%        2d(8-24)  1%          4
e - Lightning Bolt        Conj/Air       39%        1d58      3%          5
f - Maxwell's Capacitive  Air            54%        ∞         26%         8

Your spell library contained the following spells:

 Spells                   Type           Power      Damage    Failure   Level
 Freeze                   Ice            68%        1d8       7%          1
 Slow                     Hex            68%        N/A       7%          1
 Scorch                   Fire           34%        2d7       10%         2
 Sublimation of Blood     Necr           17%        N/A       10%         2
 Wereblood                Tmut           17%        N/A       10%         2
 Confusing Touch          Hex            17%        N/A       21%         3
 Frozen Ramparts          Ice            34%        1d6       21%         3
 Portal Projectile        Hex/Tloc       34%        N/A       21%         3
 Tukima's Dance           Hex            17%        N/A       21%         3
 Vampiric Draining        Necr           17%        2d7       21%         3
 Flame Wave               Conj/Fire      21%        2d8       50%         4
 Hailstorm                Conj/Ice       21%        3d6       50%         4
 Leda's Liquefaction      Hex/Erth       8%         N/A       54%         4
 Summon Ice Beast         Ice/Summ       17%        N/A       54%         4
 Blade Hands              Tmut           8%         N/A       88%         5
 Lee's Rapid Deconstruct  Erth           8%         3d8*      88%         5
 Summon Mana Viper        Hex/Summ       17%        N/A       88%         5
 Statue Form              Tmut/Erth      11%        N/A       100%        6
 Summon Cactus Giant      Summ           8%         N/A       100%        6
 Monstrous Menagerie      Summ           8%         N/A       100%        7
 Summon Hydra             Summ           8%         N/A       100%        7


Dungeon Overview and Level Annotations

Branches:
Dungeon (13/15)            Temple (0/1) D:4            Lair (0/5) D:11
    Orc (0/2) D:10         Vaults (0/5) D:13        Gauntlet (visited)

Shops:
D:6 [

Annotations:
D:13 1 transporter, diceflayer's ghost, journeyman DsFi


Innate Abilities, Weirdness & Mutations

You have an increased reservoir of magic. (+10% MP)
You shall have no god before yourself.
Your divine heritage dramatically boosts your attributes as you level up.


Message History

The fireball explodes!
The fireball engulfs you!!
The fireball engulfs the hell hog.
The hell hog completely resists.
The fireball engulfs the hell hog.
The hell hog completely resists.
The hell hog bites you but does no damage.
You block the hell hog's attack.
A rakshasa comes into view. It is wielding a +0 long sword.
Casting: Lightning Bolt (dangerous; 3% risk of failure)
Confirm with . or Enter, or press ? or * to list all spells.
The hell hog is struck by an arc of lightning!
You kill the hell hog!
You are struck by an arc of lightning.
The hell hog is struck by an arc of lightning!
The hell hog is almost dead.
You are struck by an arc of lightning.
The hell hog is struck by an arc of lightning.
You kill the hell hog!
The hell hog is struck by an arc of lightning!
The hell hog is moderately wounded.
The lightning grounds out.
The hell hog barely misses you.
The rakshasa weaves an illusion.
A tentacled starspawn comes into view.
Your Dodging skill increases to level 3!
Unknown command.
The hell hog breathes fire at you.
The fireball explodes!
The fireball engulfs you!!
* * * LOW HITPOINT WARNING * * *
Casting: Static Discharge (safe; 1% risk of failure)
Confirm with . or Enter, or press ? or * to list all spells.
The hell hog is struck by an arc of lightning!
The hell hog is heavily wounded.
You are struck by an arc of lightning!
* * * LOW HITPOINT WARNING * * *
The hell hog is struck by an arc of lightning!
The hell hog is severely wounded.
You are struck by an arc of lightning.
* * * LOW HITPOINT WARNING * * *
The hell hog is struck by an arc of lightning!
The hell hog is almost dead.
You are struck by an arc of lightning.
You die...

... # . . # .# . .... .
# #.##.# .#. #.# # ##
..#...# .. ##.##
##.#.##.#...
.#...§..#..#......#...#
#... ## #....##.#.#.#
#.##.. .#..##.....# #..
. #.#...@h.#....R
##......###..#..##..X #
#..# #..##......
##......##.## .##.# .
.#. ..# .# # #..#
.###.# . . . ...#### #
#. # . .


You could see a hell hog (catching breath).

Vanquished Creatures
  An entropy weaver (Gauntlet)
  A minotaur (Gauntlet)
  A hydra (D:11)
  An ogre mage (D:13)
  2 centaur warriors
  6 two-headed ogres
  3 hell hogs (Abyss:2)
  A thrashing horror (Abyss:2)
  Sonja (D:11)
  A lindwurm (shapeshifter) (D:13)
  A wizard (D:13)
  A wolf spider (Gauntlet)
  Pikel (D:9)
  An ugly thing (D:12)
  A worldbinder (Abyss:2)
  4 manticores
  5 cyclopes
  Joseph (D:9)
  3 unseen horrors
  5 trolls
  2 hornets (D:8)
  Grinder (D:3)
  5 flying skulls (Gauntlet)
  A jumping spider (Gauntlet)
  8 shadows
  2 wraiths
  A wyvern (D:10)
  13 yaks
  7 vampire mosquitoes
  2 steam dragons (D:8)
  A redback (Gauntlet)
  A water moccasin (D:8)
  3 acid dragons
  5 orc warriors
  2 ice beasts
  A black bear (D:4)
  2 sky beasts
  5 ogres
  12 centaurs
  2 phantoms
  A small abomination (Abyss:2)
  3 kobold brigands
  4 gnoll sergeants (D:8)
  2 scorpions (D:5)
  9 bullfrogs
  2 necrophages
  4 wights
  2 howler monkeys
  3 iron imps (D:10)
  2 gnoll boudas
  5 hounds
  A jelly (D:6)
  6 orc priests
  An iguana (D:5)
  9 orc wizards
  8 adders
  12 gnolls
  A white imp (D:8)
  2 ufetubi
  3 worms
  A dart slug (D:3)
  50 orcs
  4 bats
  4 endoplasms
  3 giant cockroaches
  6 goblins
  7 hobgoblins
  4 jackals (D:2)
  4 quokkas
  3 ball pythons
  2 frilled lizards
  15 kobolds
  4 rats
304 creatures vanquished.

Vanquished Creatures (others)
  A large abomination (Abyss:2)
  2 plants (D:5)
3 creatures vanquished.

Grand Total: 307 creatures vanquished

Notes
Turn   | Place    | Note
-------+----------+-------------------------------------------
     0 | D:1      | lis82151 the Demigod Air Elementalist began the quest for
                  | the Orb.
     0 | D:1      | Reached XP level 1. HP: 14/14 MP: 5/5
   416 | D:1      | Reached XP level 2. HP: 20/20 MP: 0/8
  1184 | D:2      | HP: 1/20 [poisoned by an adder]
  1185 | D:2      | Reached XP level 3. HP: 1/26 MP: 5/10
  1439 | D:2      | Learned a level 3 spell: Swiftness
  1442 | D:2      | Learned a level 2 spell: Static Discharge
  2285 | D:3      | Reached XP level 4. HP: 33/33 MP: 6/12
  2298 | D:3      | Learned a level 4 spell: Airstrike
  2343 | D:3      | Reached skill level 3 in Air Magic
  2591 | D:3      | Noticed Grinder
  2598 | D:3      | Killed Grinder
  2599 | D:3      | Reached skill level 5 in Air Magic
  2599 | D:3      | Reached XP level 5. HP: 21/38 MP: 0/13
  3070 | D:4      | Reached XP level 6. HP: 43/45 MP: 12/15
  3136 | D:4      | Reached skill level 6 in Air Magic
  3162 | D:4      | Found a staircase to the Ecumenical Temple.
  3340 | D:4      | Reached XP level 7. HP: 35/50 MP: 1/16
  3942 | D:5      | Entered Level 5 of the Dungeon
  3993 | D:5      | Reached skill level 7 in Air Magic
  4375 | D:5      | Reached skill level 5 in Spellcasting
  4394 | D:5      | Identified the +7 halberd of the Exceptional God {flame,
                  | rC+ Dex+3}
  4651 | D:6      | Reached XP level 8. HP: 57/57 MP: 12/20
  4792 | D:6      | Noticed a troll
  4796 | D:6      | Killed a troll
  5355 | D:6      | Found Qen Miho's Antique Armour Emporium.
  5378 | D:6      | Bought a pair of faintly glowing boots for 218 gold pieces
  5378 | D:6      | Identified the +2 pair of boots of Shielding {Dex+4} (You
                  | bought it in a shop on level 6 of the Dungeon)
  6144 | D:7      | Reached skill level 8 in Air Magic
  6144 | D:7      | Reached XP level 9. HP: 62/62 MP: 10/25
  6464 | D:7      | Reached skill level 9 in Air Magic
  7314 | D:8      | Reached skill level 10 in Air Magic
  7349 | D:8      | Noticed a two-headed ogre
  7380 | D:8      | Noticed a manticore
  7384 | D:8      | Noticed a two-headed ogre
  7402 | D:8      | Killed a two-headed ogre
  7406 | D:8      | Reached skill level 11 in Air Magic
  7421 | D:8      | Killed a two-headed ogre
  7422 | D:8      | Reached XP level 10. HP: 69/69 MP: 5/26
  7514 | D:8      | Noticed a centaur warrior
  7525 | D:8      | Killed a centaur warrior
  7526 | D:8      | Reached skill level 12 in Air Magic
  7552 | D:8      | Killed a manticore
  7731 | D:8      | Identified the +10 sling of Ikappol {vorpal, +Blink rN++
                  | Will- Dex-3}
  8112 | D:8      | Reached skill level 13 in Air Magic
  8345 | D:8      | Identified a scroll of acquirement
  8346 | D:8      | Acquired a book of Lightning
  8354 | D:8      | Learned a level 5 spell: Lightning Bolt
  8363 | D:8      | Learned a level 8 spell: Maxwell's Capacitive Coupling
  8419 | D:8      | Noticed a two-headed ogre
  8425 | D:8      | Killed a two-headed ogre
  8792 | D:9      | Noticed a two-headed ogre
  8797 | D:9      | Killed a two-headed ogre
  8798 | D:9      | Reached XP level 11. HP: 72/74 MP: 2/27
  8804 | D:9      | Reached skill level 14 in Air Magic
  8944 | D:9      | Noticed Joseph
  9002 | D:10     | Entered Level 10 of the Dungeon
  9036 | D:9      | Killed Joseph
  9122 | D:9      | Noticed Pikel
  9124 | D:9      | Killed Pikel
  9742 | D:10     | Found a staircase to the Orcish Mines.
  9847 | D:10     | Noticed a two-headed ogre
  9848 | D:10     | Noticed a two-headed ogre
  9850 | D:10     | Killed a two-headed ogre
  9851 | D:10     | Reached skill level 15 in Air Magic
  9853 | D:10     | Killed a two-headed ogre
 10344 | D:11     | Noticed an eight-headed hydra
 10347 | D:11     | Killed an eight-headed hydra
 10476 | D:11     | Noticed Sonja
 10478 | D:11     | Killed Sonja
 10601 | D:11     | Reached skill level 16 in Air Magic
 10791 | D:11     | Found a staircase to the Lair.
 11196 | D:12     | Found a gate leading to a gauntlet.
 11219 | Gauntlet | Entered a Gauntlet
 11219 | Gauntlet | Noticed a sixfirhy
 11219 | Gauntlet | Found a transporter.
 11219 | Gauntlet | Found a transporter.
 11224 | Gauntlet | Found a transporter.
 11236 | Gauntlet | Found a runed translucent door.
 11239 | Gauntlet | Found a transporter.
 11255 | Gauntlet | Found a transporter.
 11259 | Gauntlet | Found a transporter.
 11259 | Gauntlet | Found a transporter.
 11262 | Gauntlet | Noticed a thrashing horror
 11263 | Gauntlet | Noticed a thrashing horror
 11274 | Gauntlet | Found a transporter.
 11291 | Gauntlet | Found a transporter.
 11301 | Gauntlet | Found a transporter.
 11305 | Gauntlet | Noticed an entropy weaver
 11316 | Gauntlet | Found a transporter.
 11331 | Gauntlet | Found a transporter.
 11336 | Gauntlet | Found a transporter.
 11338 | Gauntlet | Found a runed translucent door.
 11348 | Gauntlet | Found a runed translucent door.
 11353 | Gauntlet | Found a transporter.
 11413 | Gauntlet | Reached XP level 12. HP: 60/81 MP: 7/28
 11513 | Gauntlet | Identified the amulet of Zugaps {Faith Harm rF+ rC+}
 11574 | Gauntlet | Identified the ring "Esyi" {AC+4 Int+5}
 11596 | Gauntlet | Reached skill level 17 in Air Magic
 11597 | Gauntlet | Killed an entropy weaver
 11637 | Gauntlet | Identified the ring of Jaoheh {*Corrode Dex+5 SInv}
 11637 | Gauntlet | Noticed a minotaur
 11643 | Gauntlet | Killed a minotaur
 12515 | D:13     | Noticed a centaur warrior
 12525 | D:13     | Killed a centaur warrior
 12531 | D:13     | Reached skill level 18 in Air Magic
 12621 | D:13     | Reached skill level 1 in Shields
 12719 | D:13     | Noticed a vampire knight
 12723 | D:13     | Found a transporter.
 12726 | D:13     | Noticed diceflayer's ghost (journeyman DsFi)
 12877 | D:13     | Noticed an ogre mage
 12882 | D:13     | Killed an ogre mage
 12883 | D:13     | Noticed a two-headed ogre
 13004 | D:13     | Found a gate to the Vaults.
 13004 | D:13     | Noticed a two-headed ogre
 13005 | Abyss:2  | Cast into level 2 of the Abyss (a wizard)
 13118 | Abyss:2  | Noticed a red draconian
 13125 | Abyss:2  | HP: 3/81 [red draconian/+0 glaive of protection (9)]
 13220 | Abyss:2  | Noticed a rakshasa
 13222 | Abyss:2  | Noticed a tentacled starspawn
 13223 | Abyss:2  | HP: 3/81 [/static electricity (6)]
 13223 | Abyss:2  | Killed from afar by themself

Illustrated notes

Levels and vault maps discovered:
D:1:      spicycebolla_arrival_clurvy, layout_loops_cross,
          grunt_decor_arrowhead, feat_on_display
D:2:      layout_basic
D:3:      layout_rooms, shapermc_ecumenical_altar_petra,
          chequers_serial_rivers_small_a, uniq_grinder
D:4:      layout_basic, minitemple, minmay_temple_entry_antechambers
D:5:      layout_cave_pools, nicolae_overflow_crystal_walls,
          serial_bayou_lagoon_b
D:6:      layout_layer_cave, serial_shops, shop_coins
D:7:      layout_loops_corners, overflow_temple_1_default,
          nemelex_diamond_rough_becter, grunt_ministairs_5,
          grunt_decor_one_mirror
D:8:      minmay_the_grid_octo_tiled_octocenter
          [minmay_the_grid_octo_tetromino_candy, minmay_the_grid_octo_horde,
          minmay_the_grid_octo_focus, minmay_the_grid_octo_fat_diamond,
          minmay_the_grid_octo_prize_big_c,
          minmay_the_grid_square_5x5_inverted_slash,
          minmay_the_grid_square_5x5_gyroscope,
          minmay_the_grid_square_5x5_hollow_slash,
          minmay_the_grid_square_5x5_broken_cross], layout_loops_cross,
          dreamdust_princess_corridor, st_stairs_4, kennysheep_generic_room_9
D:9:      layout_rooms, uniq_pikel, uniq_joseph
D:10:     layout_roguey, demons_altar, mainiacjoe_overflow_catwalk,
          minmay_orc_entry_temple_large
D:11:     layout_cave_pods, lair_entry_dummy, uniq_sonja
D:12:     layout_long_grid, gauntlet_entry_generic, tgw_sif
D:13:     layout_irregular_city, david_vaults_1, gammafunk_ghost_mausoleum
Abyss:2:  base:
D:4

Skill      XL: |  1  2  3  4  5  6  7  8  9 10 11 12 |
---------------+-------------------------------------+-----
Spellcasting   | 2 3 6 8 |  8.0
Air Magic      | 5 6 7 8 11 13 16 18 | 18.0
Shields        | 4 |  4.6
Dodging        | 3 |  3.7
Stealth        | |  1.7
Conjurations   | |  0.8

Action                   |  1- 3 |  4- 6 |  7- 9 | 10-12 || total
-------------------------+-------+-------+-------+-------++-------
Melee: Dagger            |     1 |       |       |       ||     1
       Short sword       |       |       |     9 |    43 ||    52
 Cast: Shock             |   106 |    28 |       |     7 ||   141
       Static Discharge  |     2 |    10 |    15 |    48 ||    75
       Airstrike         |       |    16 |   126 |   231 ||   373
       Lightning Bolt    |       |       |       |    12 ||    12
       Maxwell's Capacit |       |       |       |     2 ||     2
  Use: Potion            |     1 |       |       |     2 ||     3
       Scroll            |       |       |       |    33 ||    33
Armor: Robe              |     4 |     1 |     4 |     3 ||    12
       Troll leather arm |       |       |       |    49 ||    49
Dodge: Dodged            |     9 |     4 |    11 |    52 ||    76
Block: Buckler           |       |       |     4 |     3 ||     7
       Kite shield       |       |       |       |    69 ||    69
